AoeStats
← Inquisidor

Oasis

509433507Analyzed
3v3 RM · 5d ago on Sep 26, 2026· 36m 16s· 6 players
Game mode
Random Map
Map size
Normal (6 player)
Population
200
Speed
Normal
Resources
Standard
Victory
Conquest
Starting age
Dark Age
Ending age
Imperial Age
RankedLock teamsTeams togetherTeam positionsShared explorationLock speedFull tech treeHidden civsTurbo modeCheats
Victory
Defeat
🇩🇪 Goths · Germany
1061
+16
🇩🇪 Magyars · Germany
1047
+16
🇸🇪 Poles · Sweden
1004
+18
🇫🇮 Koreans · Finland
1083
-18
🇲🇽 Magyars · Mexico
1049
-17
🇩🇪 Celts · Germany
1017
-15
HyWii
10:38 Feudal Age
9:53 Loom
20:28 Castle Age
19:28 Double-Bit Axe
22:46 Bow Saw
25:06 Horse Collar
32:27 Imperial Age
31:19 Wheelbarrow
31:37 Gold Mining
34:48 Heavy Scorpion
Inquisidor
0:28 Loom
11:17 Feudal Age
12:02 Double-Bit Axe
20:12 Castle Age
18:36 Horse Collar
20:15 Light Cavalry
22:03 Wheelbarrow
22:15 Scale Barding Armor
23:56 Double-Bit Axe
25:53 Bloodlines
25:44 Husbandry
29:54 Bow Saw
31:21 Gold Mining
Lakupiippu
3:35 Loom
10:37 Feudal Age
15:48 Castle Age
15:24 Double-Bit Axe
16:00 Horse Collar
22:20 Wheelbarrow
23:22 Bow Saw
24:07 Heavy Plow
25:02 Caravan
25:15 Fletching
26:11 Bodkin Arrow
27:23 Scale Barding Armor
28:49 Chain Barding Armor
29:10 Hand Cart
29:35 Husbandry
28:57 Light Cavalry
29:52 Forging
34:05 Imperial Age
35:07 Conscription
34:49 Bracer
35:20 Ballistics
36:02 Chemistry
34:43 Treadmill Crane
34:56 Hussar
35:47 Elite War Wagon
Covid19
6:58 Loom
9:39 Feudal Age
14:02 Double-Bit Axe
14:01 Horse Collar
19:49 Wheelbarrow
22:51 Castle Age
22:00 Stone Mining
25:17 Bow Saw
25:32 Heavy Plow
29:55 Fletching
34:53 Hand Cart
Event 201
1:12 Loom
15:52 Feudal Age
18:52 Horse Collar
22:26 Castle Age
20:59 Double-Bit Axe
21:37 Gold Mining
22:55 Wheelbarrow
24:29 Heavy Plow
27:05 Hand Cart
27:35 Pikeman
28:16 Squires
28:20 Scale Mail Armor
35:29 Town Watch
38:41 Imperial Age
Qk1
7:43 Loom
9:49 Feudal Age
14:37 Castle Age
13:19 Horse Collar
13:53 Double-Bit Axe
21:00 Wheelbarrow
22:13 Heavy Plow
22:32 Bow Saw
24:41 Szlachta Privileges
25:09 Scale Barding Armor
25:44 Gold Mining
26:55 Chain Barding Armor
26:46 Forging
27:15 Bloodlines
27:05 Husbandry
31:12 Imperial Age
31:15 Cavalier
31:22 Capped Ram
33:00 Iron Casting
Connection lost

Rejoining the realm…

Still unreachable

The connection could not be restored.

Session expired

The server has moved on; the page needs a fresh start.